 Dungeon Crawl Stone Soup version 0.21-a0-2-ge494091 (webtiles) character file.

5929 Minion the Spear-Bearer (level 10, -1/80 HPs)
             Began as a Gnoll Wanderer on May 21, 2017.
             Was a Believer of Qazlal.
             Slain by Snorg (9 damage)
             ... on level 10 of the Dungeon.
             The game lasted 00:32:42 (10764 turns).

Minion the Spear-Bearer (Gnoll Wanderer)           Turns: 10764, Time: 00:32:42

Health: -1/80      AC: 14    Str: 12    XL:     10   Next: 83%
Magic:  21/21      EV: 13    Int: 20    God:    Qazlal [**....]
Gold:   593        SH:  3    Dex: 14    Spells: 24/24 levels left

rFire    . . .     SeeInvis .   k - +1 shortbow (velocity)
rCold    . . .     Gourm    +   (shield currently unavailable)
rNeg     . . .     Faith    .   G - +3 scale mail
rPois    .         Spirit   .   C - +0 helmet
rElec    +         Reflect  .   (no cloak)
rCorr    .         Harm     .   t - +0 pair of gloves
MR       .....                  p - +0 pair of boots
Stlth    ++........             H - amulet of the gourmand
Regen    0.3/turn               z - +5 ring of intelligence
MPRegen  0.2/turn               B - ring of Facumycs {rElec EV+1}

@: hasted, very quick
A: short attention span, fangs 1, strong nose
a: Upheaval, Renounce Religion


You were on level 10 of the Dungeon.
You worshipped Qazlal.
Qazlal was pleased with you.
You were not hungry.

You visited 2 branches of the dungeon, and saw 11 of its levels.
You also visited: Sewer.

You collected 593 gold pieces.

Inventory:

Hand Weapons
 k - a +1 shortbow of velocity (weapon)
 T - a +0 trident of flaming
Missiles
 l - 44 arrows (quivered)
Armour
 p - a +0 pair of boots (worn)
 t - a +0 pair of gloves (worn)
 C - a +0 helmet (worn)
 G - a +3 scale mail (worn)
Jewellery
 i - an uncursed amulet of guardian spirit
 z - a +5 ring of intelligence (left hand)
 B - the ring of Facumycs (right hand) {rElec EV+1}
   (You found it on level 6 of the Dungeon)

   [ring of evasion]

   It affects your evasion (+1).
   It insulates you from electricity.
 H - an amulet of the gourmand (around neck)
 U - a +5 ring of dexterity
Wands
 a - a wand of scattershot (3/9)
 d - a wand of digging (10/24)
 E - a wand of lightning (7/15)
 I - a wand of acid (3/15)
 J - a wand of flame (20/48)
 L - a wand of paralysis (14/24)
 Q - a wand of flame (11/48)
Scrolls
 b - 4 scrolls of teleportation
 e - a scroll of brand weapon {unknown}
 h - 3 scrolls of fear {unknown}
 j - a scroll of summoning {unknown}
 n - a scroll of immolation {unknown}
 x - 5 scrolls of enchant weapon {unknown}
 y - 2 scrolls of amnesia
 D - a scroll of blinking {unknown}
 F - 9 scrolls of remove curse
 K - a scroll of noise {unknown}
 M - a scroll of random uselessness {unknown}
 N - a scroll of magic mapping {unknown}
 O - 3 scrolls of identify
Potions
 c - 3 potions of lignification
 m - 2 potions of heal wounds
 o - 2 potions of might
 q - 3 potions of haste
 r - 2 potions of flight {unknown}
 s - 5 potions of curing
 v - a potion of invisibility {unknown}
 w - a potion of brilliance {unknown}
 P - a potion of degeneration {unknown}
Books
 u - a book of Conjurations

   Spells                             Type                      Level
   a - Magic Dart                     Conjuration                  1
   b - Searing Ray                    Conjuration                  2
   c - Dazzling Spray                 Conjuration/Hexes            3
   d - Fulminant Prism                Conjuration/Hexes            4
   e - Force Lance                    Conjuration/Translocation    4
   f - Iskenderun's Mystic Blast      Conjuration                  4
 R - a book of Misfortune

   Spells                             Type                      Level
   a - Confusing Touch                Hexes                        1
   b - Confuse                        Hexes                        3
   c - Gell's Gravitas                Translocation                3
   d - Petrify                        Transmutation/Earth          4
   e - Metabolic Englaciation         Hexes/Ice                    5
   f - Yara's Violent Unravelling     Hexes/Transmutation          5
Comestibles
 f - 4 bread rations
 g - 8 meat rations
 A - 6 fruits
 S - 13 royal jellies


   Skills:
 - Level 7.9 Fighting
 + Level 8.7 Polearms
 - Level 8.1 Bows
 - Level 1.7 Throwing
 - Level 7.0 Armour
 - Level 7.0 Dodging
 - Level 7.4 Stealth
 - Level 7.7 Spellcasting
 - Level 7.8 Invocations
 - Level 6.1 Evocations


You had 24 spell levels left.
You didn't know any spells.

Dungeon Overview and Level Annotations

Branches:
Dungeon (10/15)            Temple (1/1) D:4
   Lair: D:8-11         Orc: D:9-12

Altars:
Ashenzari
Cheibriados
Dithmenos
Elyvilon
Fedhas
Gozag
Hepliaklqana
Kikubaaqudgha
Makhleb
Nemelex Xobeh
Okawaru
Qazlal
Ru
Sif Muna
Trog
Uskayaw
Vehumet
Wu Jian
Xom
Yredelemnul
Zin
The Shining One

Shops:
D:6 ****(

Annotations:
D:10 Snorg


Innate Abilities, Weirdness & Mutations

You have a short attention span.
You have very sharp teeth.
Your uncanny sense of smell can sniff out nearby items.


Message History

Firing (i - inventory):
l - 46 arrows (quivered)
Press: ? - help, Shift-Dir - straight line, f/p - Snorg
Aim: Snorg (heavily wounded, berserk, fast, unusually strong)
You shoot an arrow. The arrow hits Snorg!
Snorg is heavily wounded.
Snorg barely misses you. Snorg claws you but does no damage. x2
Firing (i - inventory):
l - 45 arrows (quivered)
Press: ? - help, Shift-Dir - straight line, f/p - Snorg
Aim: Snorg (heavily wounded, berserk, fast, unusually strong)
You shoot an arrow. The arrow hits Snorg.
Snorg is heavily wounded.
Snorg bites you! Snorg claws you! Snorg claws you but does no damage.
Snorg bites you! Snorg claws you!
* * * LOW HITPOINT WARNING * * *
Snorg claws you.
* * * LOW HITPOINT WARNING * * *
You feel yourself speed up. Snorg bites you!
* * * LOW HITPOINT WARNING * * *
Snorg barely misses you. Snorg claws you!
You die...

#.........#
(..(..............#######
.........................
.(...(.#######...........
..((.(.#.....#.....(.####
.....#.....#.......#
...#.....#######.#
#(#§§.........#.#
+WT@..........#.#
#.#§..........#.####
#.#.......#####.....
#.#.......#.........
#.+.......'.........
#.#...#####.........
..#...+.............
..#...#.............
#...#.............


You could see Snorg (berserk) and a hungry ghost.

Vanquished Creatures
  Pikel (D:6)
  The ghost of cirnu the Chopper, a novice VSFi (D:6)
  A hippogriff (D:9)
  6 yaks
  A wyvern (D:8)
  A wraith (D:9)
  2 hungry ghosts
  Menkaure (D:6)
  A water moccasin (D:10)
  A black bear (D:8)
  An ice beast (D:8)
  A sky beast (D:8)
  2 orc warriors
  A slave (D:6)
  4 ogres
  3 centaurs
  6 bullfrogs
  A big kobold (D:9)
  Blork the orc (D:4)
  A scorpion (D:4)
  4 howler monkeys
  A bullfrog zombie (D:7)
  5 crimson imps
  3 orc priests
  A bullfrog skeleton (D:8)
  5 hounds
  5 jellies
  11 orc wizards
  3 iguanas
  6 worker ants
  3 hound skeletons
  A howler monkey zombie (D:4)
  A worker ant zombie (D:7)
  6 gnolls
  A howler monkey skeleton (D:4)
  16 adders
  7 oozes
  4 adder skeletons
  2 worms
  2 dart slugs (D:2)
  4 leopard geckos
  16 orcs
  7 bats
  19 giant cockroaches
  4 goblins
  12 hobgoblins
  5 quokkas
  4 ball pythons
  12 frilled lizards
  A giant cockroach zombie (D:6)
  A jackal skeleton (D:4)
  15 kobolds
  A quokka zombie (D:7)
  7 rats
232 creatures vanquished.

Vanquished Creatures (others)
  A slave (D:6)
1 creature vanquished.

Grand Total: 233 creatures vanquished

Notes
Turn   | Place    | Note
-------+----------+-------------------------------------------
     0 | D:1      | Minion the Gnoll Wanderer began the quest for the Orb.
     0 | D:1      | Minion set off with: a +2 spear, a scroll of teleportation, a potion of lignification, a +0 robe, a +0 dagger, a bread ration
     0 | D:1      | Reached XP level 1. HP: 18/18 MP: 2/2
    67 | D:1      | Reached skill level 1 in Armour
    71 | D:1      | Reached skill level 5 in Polearms
    71 | D:1      | Reached XP level 2. HP: 11/25 MP: 3/3
   568 | D:1      | Reached XP level 3. HP: 25/30 MP: 4/4
  1121 | D:2      | Reached XP level 4. HP: 37/38 MP: 5/5
  1799 | D:3      | Reached XP level 5. HP: 19/43 MP: 4/6
  2018 | D:3      | Reached skill level 5 in Fighting
  2695 | D:3      | Noticed a centaur
  2711 | D:3      | Killed a centaur
  2711 | D:3      | Reached skill level 5 in Armour
  2711 | D:3      | Reached XP level 6. HP: 28/52 MP: 3/7
  3486 | D:4      | Reached skill level 1 in Bows
  3486 | D:4      | Reached skill level 5 in Dodging
  3719 | D:4      | Found a staircase to the Ecumenical Temple.
  3732 | Temple   | Entered the Ecumenical Temple
  3945 | Temple   | Became a worshipper of Qazlal Stormbringer
  3974 | D:4      | Found a hide-covered altar of Uskayaw.
  4389 | D:4      | Reached XP level 7. HP: 41/58 MP: 5/8
  4543 | D:4      | Noticed Blork the orc
  4578 | D:4      | Killed Blork the orc
  4578 | D:4      | Reached skill level 5 in Bows
  4938 | D:5      | Entered Level 5 of the Dungeon
  5139 | D:5      | Reached XP level 8. HP: 20/65 MP: 3/9
  5668 | D:5      | Found a glowing drain.
  5687 | D:5      | Reached * piety under Qazlal
  5718 | Sewer    | Entered a sewer
  5921 | Sewer    | Reached skill level 1 in Invocations
  6451 | D:6      | Found Taank's Assorted Antiques.
  6453 | D:6      | Noticed Menkaure
  6456 | D:6      | Noticed cirnu's ghost (novice VSFi)
  6462 | D:6      | Killed Menkaure
  6882 | D:6      | Found Kobbou's General Store.
  6892 | D:6      | Found Waheis's Antique Weapon Emporium.
  6957 | D:6      | Found Ehixeif's Assorted Antiques.
  6969 | D:6      | Found Kumourr's Assorted Antiques.
  7129 | D:6      | Noticed Pikel
  7163 | D:6      | Killed Pikel
  7163 | D:6      | Reached skill level 5 in Invocations
  7163 | D:6      | Reached XP level 9. HP: 56/72 MP: 8/14
  7215 | D:6      | Reached skill level 5 in Stealth
  7440 | D:6      | Killed cirnu's ghost
  7440 | D:6      | Reached skill level 5 in Evocations
  7458 | D:6      | Got a crude iron ring
  7554 | D:7      | Reached skill level 5 in Spellcasting
  7934 | D:7      | Paralysed by a crimson imp for 5 turns
  8121 | D:7      | Identified the ring of Facumycs {rElec EV+1} (You found it on level 6 of the Dungeon)
  8808 | D:8      | Reached XP level 10. HP: 79/79 MP: 19/19
  9285 | D:9      | Reached ** piety under Qazlal
 10620 | D:10     | Entered Level 10 of the Dungeon
 10751 | D:10     | Noticed Snorg
 10764 | D:10     | Slain by Snorg

Vault maps used:
D:1:      dpeg_arrival_arbitrary_a, minmay_distorted
D:2:      first_bread
D:4:      eat_drink_and_be_merry_uskayaw, minmay_temple_entry_grid,
          minivault_25, uniq_blork_the_orc
D:5:      gup_sewer_entry_glass
D:6:      serial_shops, shop, shop, nicolae_shop_stone, shop, shop,
          uniq_menkaure, uniq_pikel
D:9:      hangedman_little_slice_of_home
D:10:     david_lair_shrubbed, hiddenorc2_lemuel, uniq_snorg
Temple:   compressed_dpeg_circular_temple
Sewer:    sewer_frog_island_01

Skill      XL: |  1  2  3  4  5  6  7  8  9 10 |
---------------+-------------------------------+-----
Armour         | 1 2 3 4 5 6 7 |  7.0
Polearms       | 5 6 8 |  8.7
Dodging        | 2 3 4 5 7 |  7.0
Fighting       | 4 5 6 7 |  7.9
Bows           | 3 7 8 |  8.1
Invocations    | 5 7 |  7.8
Stealth        | 4 7 |  7.4
Spellcasting   | 3 6 7 |  7.7
Evocations     | 4 6 |  6.1
Throwing       | |  1.7

Action                   |  1- 3 |  4- 6 |  7- 9 | 10-12 || total
-------------------------+-------+-------+-------+-------++-------
Melee: Spear             |   127 |   222 |       |       ||   349
       Bite              |    13 |    16 |       |    10 ||    39
       Shortbow          |       |       |     1 |       ||     1
       Trident           |       |       |       |   112 ||   112
 Fire: Shortbow          |       |    32 |   447 |   234 ||   713
  Use: Scroll            |     2 |     4 |     4 |       ||    10
       Potion            |       |       |     3 |     1 ||     4
 Stab: Sleeping          |     3 |     2 |       |       ||     5
       Distracted        |       |     1 |       |       ||     1
  Eat: Chunk             |     1 |     6 |    19 |     8 ||    34
       Bread ration      |       |     1 |     1 |       ||     2
       Royal jelly       |       |       |       |     1 ||     1
Armor: Robe              |    12 |       |       |       ||    12
       Scale mail        |    15 |       |   105 |    82 ||   202
       Ring mail         |       |    59 |    13 |       ||    72
Dodge: Dodged            |    55 |    95 |   122 |   117 ||   389
Block: Other             |       |       |     6 |    18 ||    24
